 Dungeon Crawl Stone Soup version 0.30-a0-1094-g860fb061e7 (webtiles) character file.

Game seed: 3451260834178706336

19429 nalyd1 the Fighter (level 12, 0/118 HPs)
             Began as a Minotaur Fighter on Apr 17, 2023.
             Was an Elder of Makhleb.
             Hit by a silver javelin thrown by a merfolk javelineer (17 damage)
             ... on level 2 of the Shoals.
             The game lasted 00:46:46 (10989 turns).

nalyd1 the Fighter (Minotaur Fighter)              Turns: 10989, Time: 00:46:47

Health: 0/118      AC: 20    Str: 26    XL:     12   Next: 36%
Magic:  11/11      EV:  9    Int:  5    God:    Makhleb [****..]
Gold:   698        SH: 16    Dex: 10    Spells: 11/11 levels left

rFire   . . .      SeeInvis .    a - +1 war axe (drain)
rCold   . . .      Faith    .    z - +0 kite shield
rNeg    + . .      Spirit   .    w - +5 scale mail
rPois   +          Reflect  +    (helmet restricted)
rElec   .          Rampage  .    e - +0 cloak
rCorr   .                        g - +2 pair of gloves {Stlth+}
Will    .....                    m - +0 pair of boots
Stlth   +                        l - amulet of reflection
HPRegen 0.39/turn                s - ring of poison resistance
MPRegen 0.12/turn                o - ring of positive energy

@: no status effects
A: horns 2, retaliatory headbutt
a: Renounce Religion, Minor Destruction, Lesser Servant of Makhleb, Major
Destruction


You were on level 2 of the Shoals.
You worshipped Makhleb.
Makhleb was greatly pleased with you.
You visited 4 branches of the dungeon, and saw 13 of its levels.

You collected 698 gold pieces.

Inventory:

Hand Weapons
 a - a +1 war axe of draining (weapon)
Missiles
 n - 103 stones
 t - 4 silver javelins
 y - 11 poisoned darts
 B - 4 datura-tipped darts
 D - 5 atropa-tipped darts
 E - 9 boomerangs
Armour
 e - a +0 cloak (worn)
 g - a +2 pair of gloves of stealth (worn)
 m - a +0 pair of boots (worn)
 w - a +5 scale mail (worn)
 z - a +0 kite shield (worn)
Jewellery
 l - an amulet of reflection (around neck)
 o - a ring of positive energy (right hand)
 s - a ring of poison resistance (left hand)
Wands
 b - a wand of mindburst (19)
 c - a wand of paralysis (6)
 d - a wand of quicksilver (7)
 u - a wand of digging (6)
 v - a wand of flame (13)
Scrolls
 j - 5 scrolls of teleportation
 k - 2 scrolls of identify
 H - a scroll of summoning {unknown}
Potions
 f - 9 potions of curing
 h - a potion of degeneration
 i - 4 potions of flight
 p - 3 potions of haste
 q - a potion of attraction
 r - 3 potions of heal wounds
 x - 2 potions of invisibility
 A - 2 potions of brilliance
 C - 2 potions of cancellation
 F - a potion of mutation
 G - a potion of ambrosia {unknown}


   Skills:
 * Level 14.6 Fighting
 * Level 14.3 Axes
 + Level 10.7 Armour
 + Level 10.8 Shields


You had 11 spell levels left.
You didn't know any spells.
Your spell library contained the following spells:

 Spells                   Type           Power      Damage    Failure   Level
 Necrotise                Necr           0%         1d4       92%         1
 Vampiric Draining        Necr           0%         2d6       100%        3
 Animate Dead             Necr           0%         N/A       100%        4
 Agony                    Necr           0%         N/A       100%        5
 Borgnjor's Vile Clutch   Necr/Erth      0%         N/A       100%        5
 Fireball                 Conj/Fire      0%         3d3       100%        5
 Iskenderun's Battlesphe  Conj           0%         2d6       100%        5
 Conjure Ball Lightning   Conj/Air       0%         3x3d6     100%        6
 Death Channel            Necr           0%         N/A       100%        6
 Orb of Destruction       Conj           0%         9d5       100%        7


Dungeon Overview and Level Annotations

Branches:
Dungeon (8/15)             Temple (1/1) D:4            Lair (2/5) D:8
 Shoals (2/4) Lair:2        Snake (0/4) Lair:2

Altars:
Ashenzari
Cheibriados
Dithmenos
Elyvilon
Gozag
Hepliaklqana
Kikubaaqudgha
Makhleb
Nemelex Xobeh
Okawaru
Qazlal
Ru
Sif Muna
Trog
Uskayaw
Vehumet
Wu Jian
Xom
Yredelemnul
Zin
The Shining One

Shops:
D:5 [   D:8 [*[*[

Annotations:
Shoals:2 2 transporters


Innate Abilities, Weirdness & Mutations

You have a pair of horns on your head.
You reflexively headbutt those who attack you in melee.


Message History

You hit the merfolk. You headbutt the merfolk.
The merfolk is heavily wounded.
The merfolk barely misses you. You block the merfolk's attack.
You feel much better. You block the merfolk's attack. The merfolk misses you.
Your unstable footing causes you to fumble your attack.
You block the merfolk's attack.
The merfolk hits you but does no damage.
Your unstable footing causes you to fumble your attack.
A merfolk javelineer comes into view.
It is wielding a +2 spear of venom and quivering silver javelins.
The merfolk throws a boomerang.
You block the boomerang with an invisible shield... and reflect it back!
The boomerang hits the merfolk!
The merfolk hits you with a +0 trident.
Your unstable footing causes you to fumble your attack.
The merfolk javelineer shouts!
The merfolk javelineer throws a silver javelin.
The silver javelin pierces through you but does no damage.
The merfolk throws a boomerang.
The boomerang hits you.
You hit the merfolk but do no damage. Your headbutt misses the merfolk.
The merfolk is heavily wounded.
You block the merfolk's attack.
The merfolk javelineer throws a silver javelin.
The silver javelin closely misses you.
The merfolk hits you but does no damage.
Your unstable footing causes you to fumble your attack.
The merfolk hits you with a +0 trident!
The merfolk javelineer throws a silver javelin.
The silver javelin pierces through you.
* * * LOW HITPOINT WARNING * * *
x2 You barely miss the merfolk.
Your headbutt misses the merfolk.
The merfolk is heavily wounded.
You block the merfolk's attack. The merfolk barely misses you.
The merfolk hits you with a +0 trident.
* * * LOW HITPOINT WARNING * * *
The merfolk javelineer throws a silver javelin.
The silver javelin pierces through you!
* * * LOW HITPOINT WARNING * * *
x2 You block the merfolk's attack.
The merfolk barely misses you.
The merfolk javelineer throws a silver javelin.
The silver javelin pierces through you!
You die...

≈≈≈~~...............~~~
≈≈≈≈~~~~........)~~~~~~
≈≈≈~~~~~.........~~~~..
≈≈≈~~.~~.........~~~~..
≈≈~~~.............~~~~.
≈≈~~.##...).......~~~~.
≈≈~~..#...)......~~~~~.
≈≈~~....)..~~~<#..~~~..
≈≈~~~..@~~~~~~~...~~~~~
≈≈~~~~>m~~~~~~m....~~~
≈≈≈~~~~m~~~~~~~..~~~~
≈≈≈≈~~~~~~~~~~~~~~~
≈≈≈≈≈~~~~~~≈≈~~~~~~
≈≈≈≈≈≈≈≈≈≈≈≈≈≈≈~~≈
≈≈≈≈≈≈≈≈≈≈≈≈≈≈≈≈
≈≈≈≈≈≈≈≈≈≈≈≈≈≈≈≈
≈≈≈≈≈≈≈≈≈≈≈≈≈≈≈


You could see a merfolk javelineer and 2 merfolk.

Vanquished Creatures
  3 harpies (Shoals:1)
  A cyclops (Shoals:2)
  2 fauns (Shoals:2)
  4 manticores
  3 black mambas
  4 merfolk sirens
  2 water nymphs (Shoals:2)
  3 cane toads
  The ghost of FexLirch the Sneak, a novice VSEn of Dithmenos (D:5)
  2 komodo dragons
  3 wind drakes
  6 blink frogs (Lair:2)
  4 merfolk
  A snapping turtle (Shoals:1)
  3 dream sheep (Shoals:2)
  A vampire (D:8)
  A wyvern (D:7)
  A water elemental (Shoals:2)
  11 yaks (Lair:1)
  2 nagas (Lair:2)
  2 wargs (D:8)
  Edmund (D:6)
  7 water moccasins
  An orc warrior (D:8)
  2 black bears (D:4)
  A sky beast (D:8)
  2 ice beasts
  13 wolves
  An ogre (D:5)
  5 phantoms
  A kobold brigand (D:8)
  5 bullfrogs
  3 scorpions (D:5)
  A necrophage (D:5)
  5 wights (D:6)
  16 killer bees
  A howler monkey (D:5)
  A centaur zombie (D:5)
  4 jellies
  3 orc priests
  2 hounds
  A centaur skeleton (D:5)
  Jessica (D:3)
  Natasha (thrice) (D:3)
  An iguana (D:5)
  2 orc wizards (D:8)
  A howler monkey zombie (D:5)
  8 gnolls
  6 adders
  2 shadow imps
  2 white imps (D:6)
  An ufetubus (D:6)
  A worm (D:2)
  9 orcs
  5 endoplasms
  3 giant cockroaches
  10 goblins
  7 hobgoblins
  5 jackals
  9 kobolds
  6 quokkas
  2 ball pythons (D:1)
  4 bats
  5 frilled lizards
  3 rats
232 creatures vanquished.

Vanquished Creatures (others)
  10 fungi
  13 plants
23 creatures vanquished.

Grand Total: 255 creatures vanquished

Notes
Turn   | Place    | Note
-------+----------+-------------------------------------------
     0 | D:1      | nalyd1 the Minotaur Fighter began the quest for the Orb.
     0 | D:1      | Reached XP level 1. HP: 19/19 MP: 0/0
   285 | D:1      | Reached XP level 2. HP: 27/27 MP: 1/1
   791 | D:2      | Reached XP level 3. HP: 19/33 MP: 2/2
  1661 | D:3      | Noticed Jessica
  1680 | D:3      | Killed Jessica
  1681 | D:3      | Reached XP level 4. HP: 39/41 MP: 3/3
  1893 | D:3      | Noticed Natasha
  1901 | D:3      | Killed Natasha
  1922 | D:3      | Noticed Natasha
  1929 | D:3      | Killed Natasha
  1930 | D:3      | Reached skill level 5 in Fighting
  1930 | D:3      | Reached XP level 5. HP: 29/48 MP: 4/4
  2154 | D:3      | Noticed Natasha
  2166 | D:3      | Killed Natasha
  2211 | D:3      | Found the +8 lance "Wyrmbane" {slay drac, rPois rF+ rC+
                  | AC+3}
  2316 | D:4      | Noticed a phantom
  2325 | D:4      | Killed a phantom
  2332 | D:4      | Noticed a black bear
  2340 | D:4      | Killed a black bear
  2341 | D:4      | Reached skill level 5 in Axes
  2341 | D:4      | Reached XP level 6. HP: 56/57 MP: 5/5
  2521 | D:4      | Reached skill level 5 in Shields
  2587 | D:4      | Found a staircase to the Ecumenical Temple.
  2621 | Temple   | Entered the Ecumenical Temple
  2980 | Temple   | Became a worshipper of Makhleb the Destroyer
  3133 | D:4      | Reached skill level 5 in Armour
  3133 | D:4      | Reached XP level 7. HP: 63/64 MP: 6/6
  3598 | D:5      | Entered Level 5 of the Dungeon
  3870 | D:5      | Found Zashra Real's Armour Shoppe.
  4098 | D:5      | Found a transporter.
  4101 | D:5      | Noticed FexLirch's ghost (novice VSEn)
  4106 | D:5      | Found a transporter.
  4178 | D:5      | Reached XP level 8. HP: 69/73 MP: 7/7
  4319 | D:5      | Killed FexLirch's ghost
  4638 | D:6      | You fall into a shaft and drop 2 floors!
  4781 | D:7      | Reached * piety under Makhleb
  5242 | D:7      | Reached XP level 9. HP: 65/83 MP: 8/8
  6269 | D:6      | Reached ** piety under Makhleb
  6423 | D:6      | Noticed Edmund
  6432 | D:6      | Killed Edmund
  6433 | D:6      | Reached skill level 10 in Fighting
  6800 | D:8      | Found Byem's Antique Armour Boutique.
  6824 | D:8      | Found Ynahiud's General Store.
  6974 | D:8      | Found a staircase to the Lair.
  6987 | D:8      | Reached skill level 10 in Axes
  7145 | D:8      | Found Acvicez's Assorted Antiques.
  7322 | D:8      | Reached XP level 10. HP: 38/94 MP: 9/9
  7579 | D:8      | Found Vaizegef's Antique Armour Boutique.
  8072 | D:8      | Found Kankec's Antique Armour Boutique.
  8239 | Lair:1   | Entered Level 1 of the Lair of Beasts
  8270 | Lair:1   | Noticed a black mamba
  8278 | Lair:1   | Killed a black mamba
  8446 | Lair:1   | Noticed a cane toad
  8450 | Lair:1   | Killed a cane toad
  8450 | Lair:1   | Reached *** piety under Makhleb
  8519 | Lair:1   | Noticed a cane toad
  8526 | Lair:1   | Killed a cane toad
  8908 | Lair:2   | Reached XP level 11. HP: 105/105 MP: 10/10
  8969 | Lair:2   | Found a staircase to the Snake Pit.
  9051 | Lair:2   | Found a staircase to the Shoals.
  9865 | Shoals:1 | Entered Level 1 of the Shoals
  9907 | Shoals:1 | Noticed a harpy
  9907 | Shoals:1 | Noticed a harpy
  9907 | Shoals:1 | Noticed a harpy
  9913 | Shoals:1 | Killed a harpy
  9916 | Shoals:1 | Killed a harpy
  9917 | Shoals:1 | Reached skill level 10 in Shields
  9917 | Shoals:1 | Killed a harpy
  9918 | Shoals:1 | Reached skill level 10 in Armour
 10683 | Shoals:1 | Reached XP level 12. HP: 69/117 MP: 11/11
 10863 | Shoals:1 | You fall into a shaft and drop 1 floor!
 10863 | Shoals:2 | Found a transporter.
 10863 | Shoals:2 | Found a transporter.
 10882 | Shoals:2 | Reached **** piety under Makhleb
 10984 | Shoals:2 | Noticed a merfolk javelineer
 10989 | Shoals:2 | Hit by a silver javelin thrown by a merfolk javelineer

Illustrated notes

Levels and vault maps discovered:
D:1:      sevenhm_arrival_forest_fort_large_2, layout_loops_cross
D:2:      layout_loops_ring, serial_bayou, serial_bayou_pond_a,
          serial_bayou_pond_c, serial_bayou_lagoon_a, serial_bayou_pond_a,
          kennysheep_generic_room_14
D:3:      layout_basic, uniq_jessica, uniq_natasha
D:4:      layout_basic, minmay_temple_entry_hall
D:5:      layout_loops_corners, serial_shops, nicolae_shop_hallway_plus,
          gammafunk_ghost_mausoleum, minmay_misc_feat_secret_circle,
          serial_bayou_lagoon_b
D:6:      layout_basic, gup_sewer_entry_pipe, kennysheep_generic_room_2,
          uniq_edmund
D:7:      layout_loops_ring
D:8:      layout_layer_cave, erik_lair_orcish_takeover, serial_shops, shop,
          nicolae_square_shop, shop, shop, kennysheep_mini,
          kennysheep_generic_room_5
Temple:   minmay_crystal_snake_temple
Lair:1:   layout_big_grid, lemuel_fruit_fields, lemuel_fruit_tree,
          grunt_megastairs_5
Lair:2:   layout_cave_pods, minmay_shoals_entry_lonely_mermaid,
          guppyfry_snake_entry_island, dreamdust_mushroom_princess
Shoals:1: layout_shoals
Shoals:2: layout_shoals, serial_nicolae_subway, nicolae_sub_station_stone,
          nicolae_sub_station_metal, nicolae_sub_station_crystal

Skill      XL: |  1  2  3  4  5  6  7  8  9 10 11 12 |
---------------+-------------------------------------+-----
Fighting       | 4 5 6 7 9 10 12 14 | 14.6
Axes           | 3 4 5 6 8 10 12 13 14 | 14.3
Armour         | 4 5 6 7 9 10 | 10.7
Shields        | 4 5 6 7 9 10 | 10.8

Action                     |  1- 3 |  4- 6 |  7- 9 | 10-12 || total
---------------------------+-------+-------+-------+-------++-------
  Melee: War axe           |    67 |    51 |   222 |   291 ||   631
         Headbutt          |     6 |     7 |    45 |    47 ||   105
  Evoke: Wand              |       |       |       |     1 ||     1
    Use: Scroll            |    11 |     3 |     4 |     5 ||    23
         Potion            |       |     1 |     4 |     2 ||     7
 Armour: Scale mail        |    30 |    46 |   152 |   135 ||   363
  Dodge: Dodged            |    31 |    23 |   137 |    73 ||   264
  Block: Buckler           |    21 |    46 |   160 |       ||   227
         Reflection        |       |       |     2 |    13 ||    15
         Kite shield       |       |       |       |   268 ||   268

Table legend: (Time is in decaauts)
 A = Elapsed time spent in this place.
 B = Non-inter-level travel time spent in this place.
 C = Inter-level travel time spent in this place.
 D = Time resting spent in this place.
 E = Time spent auto-exploring this place.
 F = Levels seen in this place.
 G = Mean time per level.
                   A        B        C        D        E       F      G
               +--------+--------+--------+--------+--------+-----+--------+
         Total |  11138 |   9885 |   1253 |   1260 |   6821 |  13 |  856.8 |
       Dungeon |   7926 |   7164 |    762 |    733 |   5441 |   8 |  990.8 |
        Temple |    429 |    178 |    251 |      0 |    155 |   1 |  429.0 |
          Lair |   1646 |   1495 |    151 |    124 |   1051 |   2 |  823.0 |
        Shoals |   1136 |   1048 |     88 |    403 |    174 |   2 |  568.0 |
               +--------+--------+--------+--------+--------+-----+--------+

Top non-repeatable levels by time:
     D:8: 1489 daAuts
     D:7: 1305 daAuts
     D:5: 1063 daAuts
Shoals:1: 1013 daAuts
  Lair:2: 1001 daAuts
     D:4: 933 daAuts
     D:2: 858 daAuts
     D:6: 831 daAuts
     D:1: 767 daAuts
     D:3: 676 daAuts
  Lair:1: 644 daAuts
  Temple: 429 daAuts
Shoals:2: 123 daAuts
